 Dungeon Sprint DCSS version 0.21.1-1-g345015f (webtiles) character file.

22227 Fang the Severer (level 12, 0/92 HPs)
             Began as a Gargoyle Berserker on July 11, 2018.
             Was an Elder of Trog.
             Slain by a red draconian monk (4 damage)
             ... in the Dungeon (Sprint VII: "The Pits").
             The game lasted 00:16:06 (3931 turns).

Fang the Severer (Gargoyle Berserker)               Turns: 3931, Time: 00:16:07

Health: 0/92       AC: 28    Str: 29    XL:     12   Next: 98%
Magic:  12/12      EV: 16    Int:  8    God:    Trog [****..]
Gold:   29         SH:  0    Dex:  9    Spells: 11/11 levels left

rFire    . . .     SeeInvis .   n - +3 hand axe of Instant Death {chop, rC+}
rCold    + . .     Gourm    .   (no shield)
rNeg     + . .     Faith    .   m - +4 chain mail
rPois    ∞         Spirit   .   (no helmet)
rElec    +         Reflect  .   (no cloak)
rCorr    .         Harm     .   (no gloves)
MR       .....     NoTele   +   z - +0 pair of boots {Fly}
Stlth    ..........             (no amulet)
HPRegen  0.25/turn              p - +3 ring of evasion
MPRegen  0.13/turn              s - +3 ring of strength

@: berserk cooldown, flying, slowed, studying Slings, very slow
A: negative energy resistance 1, electricity resistance, unbreathing,
petrification resistance, rot immunity, AC +8
a: Berserk, Trog's Hand, Brothers in Arms, Burn Spellbooks, Renounce Religion,
Stop Flying


You were in the Dungeon.
You worshipped Trog.
Trog was greatly pleased with you.
You were not hungry.

You visited 1 branch You collected 29 gold pieces.

Inventory:

Hand Weapons
 j - a +2 hand axe
 n - the +3 hand axe of Instant Death (weapon) {chop, rC+}
   (Trog gifted it to you in the Dungeon)

   It inflicts extra damage upon your enemies.
   It protects you from cold.
 o - a +7 broad axe of electrocution
 t - a +2 war axe of chopping
 x - a +3 antimagic battleaxe
Missiles
 b - 7 poisoned javelins (quivered)
Armour
 m - a +4 chain mail (worn)
 z - a +0 pair of boots of flying (worn)
Jewellery
 p - a +3 ring of evasion (left hand)
 s - a +3 ring of strength (right hand)
 w - an uncursed ring of protection from magic
Scrolls
 i - a scroll of blinking
 k - 6 scrolls of remove curse
 l - a scroll of summoning
 u - 3 scrolls of identify
 v - 3 scrolls of fog
 B - 2 scrolls of fear
 C - 2 scrolls of enchant armour
Potions
 a - 2 potions of invisibility
 d - 8 potions of curing
 e - 8 potions of heal wounds
 f - 5 potions of haste
 g - 4 potions of magic
 h - 7 potions of berserk rage
 q - 2 potions of might
 r - 3 potions of brilliance
 A - a potion of agility
 D - a potion of resistance
Books
 y - a manual of Slings
Comestibles
 c - 4 rations


   Skills:
 + Level 17.6 Fighting
 + Level 19.2 Axes
 + Level 15.6 Armour
 + Level 9.2 Dodging
 + Level 4.9 Stealth


You had 11 spell levels left.
You didn't know any spells.

Dungeon Overview and Level Annotations

Branches:
Dungeon (1/1)

Altars:
Cheibriados
Dithmenos
Elyvilon
Fedhas
Gozag
Hepliaklqana
Makhleb
Nemelex Xobeh
Okawaru
Qazlal
Ru
Sif Muna
Trog
Vehumet
Wu Jian
Xom
Yredelemnul
Zin
The Shining One
Beogh
Jiyva
Lugonu


Innate Abilities, Weirdness & Mutations

You are resistant to torment.
Your stone body is resilient. (AC +8)
You are immune to poison.
You resist negative energy. (rN+)
You are resistant to electric shocks. (rElec)
You can survive without breathing.
You are immune to petrification.
You are immune to rotting.


Message History

The red draconian monk kicks you.
The red draconian monk completely misses you.
Your ogre hits the red draconian monk with a giant club!
The red draconian monk breathes flames at you.
The searing blast hits you!
You swap places.
Your ogre misses the red draconian monk.
The red draconian monk hits you!
* * * LOW HITPOINT WARNING * * *
The red draconian monk misses you.
The red draconian monk tail-slaps you but does no damage.
Your ogre closely misses the red draconian monk.
You see here an iron dragon corpse.
The red draconian monk breathes flames at you.
The searing blast hits you!
* * * LOW HITPOINT WARNING * * *
Your ogre closely misses the red draconian monk.
The red draconian monk hits you but does no damage.
The red draconian monk kicks you.
You die...

#...........D ..........D.
......... #..... #''#
#####''##### #..§))[..§.#
#....[.....# +..#.O†@#..#
+.§...q....# #..........#
########..#....#..#####
......++..........##..+
......++..........##..+
####..##..#....#..##).#++#
#. #..........++.....# #
#..........++)....#


You could see a red draconian monk and a friendly ogre (berserk).

Vanquished Creatures
  A golden dragon (D)
  An iron dragon (D)
  An emperor scorpion (D)
  A yellow draconian (D)
  A fire dragon (D)
  A deep elf high priest (D)
  A death yak (D)
  Urug (D)
  A spriggan (D)
  An unseen horror (D)
  3 skeletal warriors (D)
  A deep troll (D)
  A phantasmal warrior (D)
  A deep elf mage (D)
  A guardian serpent (D)
  A spiny frog (D)
  A rime drake (D)
  A demonic crawler (D)
  A hornet (D)
  A tyrant leech (D)
  A polar bear (D)
  A snapping turtle (D)
  Sigmund (D)
  A wyvern (D)
  A redback (D)
  A steam dragon (D)
  2 hungry ghosts (D)
  3 vampire mosquitoes (D)
  An acid dragon (D)
  2 floating eyes (D)
  A swamp drake (D)
  An eye of draining (D)
  2 black bears (D)
  2 crocodiles (D)
  A bullfrog (D)
  2 killer bees (D)
  3 wights (D)
  A gnoll shaman (D)
  Crazy Yiuf (D)
  A hound (D)
  2 worker ants (D)
  3 gnolls (D)
  An adder (D)
  A white imp (D)
  An ufetubus (D)
  A leopard gecko (D)
  An orc (D)
  A giant cockroach (D)
  A hobgoblin (D)
  2 jackals (D)
  2 ball pythons (D)
  A bat simulacrum (D)
68 creatures vanquished.

Vanquished Creatures (collateral kills)
  A shadow dragon (D)
  Louise (D)
  An emperor scorpion (D)
  An ettin (D)
  A green death (D)
  A great orb of eyes (D)
  A vault guard (D)
  A merfolk aquamancer (D)
  2 skeletal warriors (D)
  A cyclops (D)
  A rime drake (D)
  An ice devil (D)
  A jumping spider (D)
  2 merfolk (D)
  3 redbacks (D)
  2 shadows (D)
  2 water elementals (D)
  A ynoxinul (D)
  3 yaks (D)
  A fire elemental (D)
  A soldier ant (D)
  An acid dragon (D)
  A water moccasin (D)
  A swamp drake (D)
  A sky beast (D)
  An eye of draining (D)
  An ogre (D)
35 creatures vanquished.

Vanquished Creatures (others)
  3 killer bees (D)
3 creatures vanquished.

Grand Total: 106 creatures vanquished

Notes
Turn   | Place    | Note
-------+----------+-------------------------------------------
     0 | D        | Fang the Gargoyle Berserker began the quest for the Orb.
     0 | D        | Reached XP level 1. HP: 14/14 MP: 1/1
    19 | D        | Reached skill level 3 in Axes
    24 | D        | Found a bloodstained altar of Trog.
    24 | D        | Found a deep blue altar of Sif Muna.
    24 | D        | Found a viscous altar of Jiyva.
    24 | D        | Found a hazy altar of Hepliaklqana.
    24 | D        | Found an opulent altar of Gozag.
    25 | D        | Found a glowing golden altar of the Shining One.
    25 | D        | Found a glowing silver altar of Zin.
    25 | D        | Found a basalt altar of Yredelemnul.
    25 | D        | Found a shimmering altar of Xom.
    25 | D        | Found an ornate altar of the Wu Jian Council.
    25 | D        | Found a sacrificial altar of Ru.
    25 | D        | Found a stormy altar of Qazlal.
    25 | D        | Found an iron altar of Okawaru.
    25 | D        | Found a sparkling altar of Nemelex Xobeh.
    25 | D        | Found a burning altar of Makhleb.
    25 | D        | Found a blossoming altar of Fedhas.
    25 | D        | Found a white marble altar of Elyvilon.
    25 | D        | Found a shadowy altar of Dithmenos.
    25 | D        | Found a snail-covered altar of Cheibriados.
    27 | D        | Found a radiant altar of Vehumet.
    27 | D        | Found a corrupted altar of Lugonu.
    27 | D        | Found a roughly hewn altar of Beogh.
    66 | D        | Noticed a floating eye
    67 | D        | Paralysed by a floating eye for 4 turns
    74 | D        | Reached XP level 2. HP: 11/20 MP: 2/2
    76 | D        | Killed a floating eye
    76 | D        | Reached ** piety under Trog
    76 | D        | Reached skill level 6 in Axes
    76 | D        | Reached XP level 3. HP: 16/28 MP: 3/3
    76 | D        | Reached XP level 4. HP: 19/34 MP: 4/4
   352 | D        | Reached XP level 5. HP: 38/38 MP: 5/5
   366 | D        | Reached *** piety under Trog
   370 | D        | Reached skill level 7 in Axes
   485 | D        | Noticed a floating eye
   488 | D        | Paralysed by a floating eye for 2 turns
   491 | D        | Killed a floating eye
   491 | D        | Reached skill level 8 in Axes
   491 | D        | Reached XP level 6. HP: 40/46 MP: 6/6
   497 | D        | Reached **** piety under Trog
   541 | D        | Reached skill level 10 in Fighting
   547 | D        | Reached ***** piety under Trog
   621 | D        | Noticed a hungry ghost
   630 | D        | Killed a hungry ghost
   630 | D        | Reached skill level 9 in Axes
   630 | D        | Reached XP level 7. HP: 53/53 MP: 7/7
   677 | D        | Noticed a spiny frog
   685 | D        | Killed a spiny frog
   685 | D        | Reached skill level 10 in Axes
   685 | D        | Reached skill level 5 in Armour
   685 | D        | Reached skill level 5 in Dodging
   777 | D        | Received a gift from Trog
   784 | D        | Reached XP level 8. HP: 60/60 MP: 8/8
   914 | D        | Noticed a snapping turtle
   918 | D        | Reached skill level 11 in Axes
   922 | D        | Killed a snapping turtle
  1148 | D        | Received a gift from Trog
  1151 | D        | Reached skill level 12 in Axes
  1248 | D        | Noticed a polar bear
  1248 | D        | Noticed a death yak
  1254 | D        | Killed a death yak
  1254 | D        | Reached skill level 13 in Axes
  1254 | D        | Reached skill level 1 in Stealth
  1254 | D        | Reached XP level 9. HP: 68/68 MP: 0/9
  1255 | D        | Killed a polar bear
  1330 | D        | Noticed a phantasmal warrior
  1335 | D        | Killed a phantasmal warrior
  1335 | D        | Reached skill level 14 in Axes
  1517 | D        | Noticed Urug
  1520 | D        | Received a gift from Trog
  1523 | D        | Killed Urug
  1523 | D        | Reached XP level 10. HP: 74/74 MP: 10/10
  1588 | D        | Noticed Crazy Yiuf
  1592 | D        | Killed Crazy Yiuf
  1592 | D        | Reached ****** piety under Trog
  1597 | D        | Received a gift from Trog
  1598 | D        | Noticed an emperor scorpion
  1609 | D        | Killed an emperor scorpion
  1609 | D        | Received a gift from Trog
  1609 | D        | Reached skill level 15 in Axes
  1842 | D        | Noticed a deep troll
  1848 | D        | Killed a deep troll
  1848 | D        | Reached skill level 16 in Axes
  1853 | D        | Received a gift from Trog
  1863 | D        | Got a translucent hand axe {god gift}
  1866 | D        | Killed an unseen horror
  1866 | D        | Reached skill level 10 in Armour
  1866 | D        | Reached XP level 11. HP: 76/80 MP: 3/11
  1867 | D        | Identified the +3 hand axe of Instant Death {chop, rC+} (Trog gifted it to you in the Dungeon)
  1913 | D        | Noticed a merfolk aquamancer
  1920 | D        | Killed a merfolk aquamancer
  1922 | D        | Noticed a great orb of eyes
  1923 | D        | Received a gift from Trog
  1930 | D        | Killed a great orb of eyes
  1930 | D        | Reached skill level 15 in Fighting
  1973 | D        | Noticed Sigmund
  1974 | D        | Noticed a cyclops
  1989 | D        | Received a gift from Trog
  1998 | D        | Killed a cyclops
  1998 | D        | Reached skill level 17 in Axes
  2007 | D        | Killed Sigmund
  2007 | D        | Received a gift from Trog
  2369 | D        | Noticed a spriggan rider
  2381 | D        | Killed a spriggan rider
  2684 | D        | Noticed a skeletal warrior
  2684 | D        | Noticed a skeletal warrior
  2684 | D        | Noticed a skeletal warrior
  2684 | D        | Noticed a skeletal warrior
  2685 | D        | Noticed a skeletal warrior
  2696 | D        | Killed a skeletal warrior
  2696 | D        | Killed a skeletal warrior
  2698 | D        | Killed a skeletal warrior
  2710 | D        | Killed a skeletal warrior
  2712 | D        | Killed a skeletal warrior
  2712 | D        | Received a gift from Trog
  2895 | D        | Noticed an emperor scorpion
  2918 | D        | Killed an emperor scorpion
  2918 | D        | Reached skill level 18 in Axes
  2918 | D        | Reached XP level 12. HP: 45/88 MP: 12/12
  3340 | D        | Received a gift from Trog
  3586 | D        | Noticed a shadow dragon
  3587 | D        | Noticed a yellow draconian
  3588 | D        | Noticed a deep elf high priest
  3601 | D        | Killed a yellow draconian
  3605 | D        | Killed a deep elf high priest
  3620 | D        | Killed a shadow dragon
  3868 | D        | Noticed a vault guard
  3868 | D        | Noticed an ettin
  3868 | D        | Noticed a green death
  3869 | D        | Noticed Louise
  3873 | D        | Killed an ettin
  3875 | D        | Killed a green death
  3877 | D        | Killed a vault guard
  3882 | D        | Noticed a fire dragon
  3883 | D        | Killed Louise
  3884 | D        | Noticed an iron dragon
  3885 | D        | Noticed a golden dragon
  3898 | D        | Killed a golden dragon
  3898 | D        | Reached skill level 19 in Axes
  3898 | D        | Reached skill level 15 in Armour
  3908 | D        | Killed a fire dragon
  3909 | D        | Noticed a red draconian monk
  3916 | D        | Killed an iron dragon
  3928 | D        | HP: 4/92 [red draconian monk (2)]
  3931 | D        | Slain by a red draconian monk

Skill      XL: |  1  2  3  4  5  6  7  8  9 10 11 12 |
---------------+-------------------------------------+-----
Axes           | 3 6 8 9 10 13 14 16 18 19 | 19.2
Fighting       | 4 7 9 10 11 13 14 16 17 | 17.6
Dodging        | 2 3 4 5 6 7 8 9 |  9.2
Armour         | 3 4 5 7 10 13 15 | 15.6
Stealth        | 1 2 3 4 |  4.9

Action                   |  1- 3 |  4- 6 |  7- 9 | 10-12 || total
-------------------------+-------+-------+-------+-------++-------
Melee: Hand axe          |     9 |    42 |    15 |   110 ||   176
       Broad axe         |       |       |    31 |    18 ||    49
       Executioner's axe |       |       |       |    10 ||    10
       Battleaxe         |       |       |       |    24 ||    24
Invok: Berserk           |     1 |     3 |     7 |     7 ||    18
       Brothers in Arms  |       |       |       |    12 ||    12
  Use: Potion            |       |       |       |     4 ||     4
 Stab: Distracted        |       |       |       |     1 ||     1
  Eat: Chunk             |       |     2 |     4 |    10 ||    16
       Ration            |       |       |     2 |     3 ||     5
Armor: Animal skin       |     1 |    11 |     1 |       ||    13
       Chain mail        |       |       |    28 |   133 ||   161
Dodge: Dodged            |     6 |    27 |    29 |   135 ||   197
